 Dungeon Crawl Stone Soup version 0.30-a0-622-gddc90eaa04 (webtiles) character file.

Game seed: 13311086685391783033

427 bande the Chopper (level 6, -1/39 HPs)
             Began as a Gargoyle Fighter on Jan 10, 2023.
             Slain by a wight
             ... wielding a +0 trident
              (8 damage)
             ... in a sewer.
             The game lasted 00:03:54 (2438 turns).

bande the Chopper (Gargoyle Fighter)                Turns: 2438, Time: 00:03:55

Health: -1/39      AC: 11    Str: 19    XL:     6   Next: 97%
Magic:  6/6        EV:  9    Int:  9    God:
Gold:   141        SH:  4    Dex: 11    Spells: 5/5 levels left

rFire   . . .      SeeInvis .    a - +0 war axe
rCold   . . .      Faith    .    c - +0 buckler
rNeg    + . .      Spirit   .    b - +0 scale mail
rPois   ∞          Reflect  .    (no helmet)
rElec   +          Harm     .    (no cloak)
rCorr   .          Rampage  .    (no gloves)
Will    .....                    (no boots) Stlth
                                 (no amulet)
HPRegen 0.26/turn                (no ring)
MPRegen 0.10/turn                (no ring)

@: no status effects
A: sickness immunity, AC +4, negative energy resistance 1, electricity
resistance, torment resistance 1, petrification resistance
a: no special abilities


You were in a sewer.
You visited 1 branch of the dungeon, and saw 3 of its levels.
You also visited: Sewer.

You collected 141 gold pieces.

Inventory:

Hand Weapons
 a - a +0 war axe (weapon)
Armour
 b - a +0 scale mail (worn)
 c - a +0 buckler (worn)
Jewellery
 n - a +6 ring of dexterity
Wands
 d - a wand of flame (12)
Scrolls
 e - 2 scrolls of identify
 g - a scroll of poison {unknown}
 k - a scroll of silence {unknown}
 m - a scroll of fog {unknown}
Potions
 f - a potion of brilliance {unknown}
 h - 2 potions of magic {unknown}
 l - a potion of invisibility {unknown}
 o - a potion of heal wounds {unknown}


   Skills:
 + Level 4.4 Fighting
 + Level 4.7 Axes
 + Level 4.6 Armour
 - Level 0.3 Dodging
 + Level 4.3 Shields


You had 5 spell levels left.
You didn't know any spells.
Your spell library contained the following spells:

 Spells                   Type           Power      Damage    Failure   Level
 Ozocubu's Armour         Ice            0%         N/A       99%         3
 Ozocubu's Refrigeration  Ice            0%         4d7       100%        7


Dungeon Overview and Level Annotations

Branches:
Dungeon (3/15)              Sewer (1/1)

Altars:

Shops:
D:1 (


Innate Abilities, Weirdness & Mutations

You are immune to sickness and miasma.
Your stone body is resilient. (AC +4)
You are immune to poison.
You resist negative energy. (rN+)
You are resistant to electric shocks. (rElec)
You are resistant to unholy torment.
You are immune to petrification.


Message History

You miss the ufetubus. You closely miss the ufetubus.
You barely miss the kobold.
The ufetubus hits you but does no damage. x2
The ufetubus hits you. You block the ufetubus's attack.
The ufetubus barely misses you.
The ufetubus hits you but does no damage.
The wight closely misses you. The kobold hits you but does no damage.
The ufetubus hits you.
The ufetubus hits you but does no damage.
You are too injured to fight recklessly!
You are too injured to fight recklessly!
You are too injured to fight recklessly!
You are too injured to fight recklessly!
You are too injured to fight recklessly!
You are too injured to fight recklessly!
You are too injured to fight recklessly!
You are too injured to fight recklessly!
You are too injured to fight recklessly!
You hit the ufetubus.
The ufetubus is almost dead.
You hit the ufetubus.
You kill the ufetubus!
You closely miss the kobold. The ufetubus hits you.
The ufetubus closely misses you. The kobold hits you with a +0 club.
The wight hits you from afar with a +0 trident.
* * * LOW HITPOINT WARNING * * *
The ufetubus closely misses you.
The ufetubus hits you but does no damage.
The kobold hits you with a +0 club.
* * * LOW HITPOINT WARNING * * *
The wight hits you but does no damage. The kobold hits you but does no damage.
Unknown command.
You barely miss the ufetubus.
The ufetubus is almost dead.
You closely miss the kobold. You barely miss the kobold.
The ufetubus barely misses you. The ufetubus hits you.
* * * LOW HITPOINT WARNING * * *
The kobold hits you but does no damage.
The wight hits you from afar with a +0 trident!
You die...

##!)!## #≈...≈#
#≈...~# #≈...~#
#≈...~# #~.z.≈#
#≈5K.≈# ##@K'##
#########.....##
##≈≈≈≈≈≈#..⌠.⌠..#
###.......'.......+
#∩.......)'.⌠._.⌠.+
###)......'.......+
##≈≈≈≈≈≈#...⌠...#
##########...###
########)#############


You could see a wight, an ufetubus and 2 kobolds.

Vanquished Creatures
  Grinder (Sewer)
  A kobold brigand (Sewer)
  5 adders
  2 river rats (D:3)
  A shadow imp (Sewer)
  4 ufetubi (Sewer)
  3 dart slugs
  2 worms (D:2)
  An orc (D:2)
  9 ball pythons
  5 bats
  3 endoplasms
  4 giant cockroaches
  5 goblins
  4 hobgoblins
  13 kobolds
  4 frilled lizards
  A giant cockroach zombie (Sewer)
  10 rats
78 creatures vanquished.

Notes
Turn   | Place    | Note
-------+----------+-------------------------------------------
     0 | D:1      | bande the Gargoyle Fighter began the quest for the Orb.
     0 | D:1      | Reached XP level 1. HP: 14/14 MP: 1/1
   106 | D:1      | Reached XP level 2. HP: 19/19 MP: 2/2
   292 | D:1      | Found Buceeluq's Weapon Shop.
   362 | D:1      | Reached XP level 3. HP: 23/23 MP: 3/3
  1119 | D:2      | Reached XP level 4. HP: 29/29 MP: 4/4
  1786 | D:3      | Found a glowing drain.
  1805 | D:3      | Reached XP level 5. HP: 28/33 MP: 5/5
  1810 | Sewer    | Entered a sewer
  1989 | Sewer    | Found an ancient bone altar of Kikubaaqudgha.
  1989 | Sewer    | Noticed a kobold brigand
  2006 | Sewer    | Killed a kobold brigand
  2048 | Sewer    | Noticed Grinder
  2055 | Sewer    | Reached XP level 6. HP: 17/38 MP: 6/6
  2057 | Sewer    | HP: 1/38 [shadow imp/nerve-wracking pain (6)]
  2062 | Sewer    | Paralysed by Grinder for 4 turns
  2069 | Sewer    | Paralysed by Grinder for 3 turns
  2070 | Sewer    | HP: 1/38 [Grinder (1)]
  2072 | Sewer    | Killed Grinder
  2438 | Sewer    | Slain by a wight

Illustrated notes

Levels and vault maps discovered:
D:1:      lemuel_arrival_behind_the_door_large, layout_basic, serial_shops,
          nicolae_shop_stone
D:2:      layout_loops_corners, minmay_fractal_squares_5
D:3:      layout_rooms, portal_sewer_entry_e, uniq_terence
Sewer:    kennysheep_sewer_church

Skill      XL: |  1  2  3  4  5  6 |
---------------+-------------------+-----
Axes           | 2 3 4 |  4.7
Armour         | 4 |  4.6
Fighting       | 4 |  4.4
Shields        | 4 |  4.3
Dodging        | |  0.3

Action                   |  1- 3 |  4- 6 || total
-------------------------+-------+-------++-------
Melee: War axe           |    90 |   135 ||   225
  Use: Scroll            |       |     3 ||     3
       Potion            |       |     3 ||     3
Armor: Scale mail        |    51 |   118 ||   169
Dodge: Dodged            |    52 |    85 ||   137
Block: Buckler           |    27 |    42 ||    69

Table legend: (Time is in decaauts)
 A = Elapsed time spent in this place.
 B = Non-inter-level travel time spent in this place.
 C = Inter-level travel time spent in this place.
 D = Time resting spent in this place.
 E = Time spent auto-exploring this place.
 F = Levels seen in this place.
 G = Mean time per level.
                   A        B        C        D        E       F      G
               +--------+--------+--------+--------+--------+-----+--------+
         Total |   2532 |   2424 |    108 |    335 |   1511 |   4 |  633.0 |
       Dungeon |   1879 |   1771 |    108 |      0 |   1330 |   3 |  626.3 |
         Sewer |    652 |    652 |      0 |    335 |    181 |   1 |  652.0 |
               +--------+--------+--------+--------+--------+-----+--------+

Top non-repeatable levels by time:
     D:2: 980 daAuts
     D:1: 742 daAuts
   Sewer: 652 daAuts
     D:3: 156 daAuts
